 Dungeon Crawl Stone Soup version 0.28.0 (webtiles) character file.

Game seed: 2129424788717910811

1 Prodoman the Magician (level 1, 0/13 HPs)
             Began as a Demonspawn Hedge Wizard on Feb 4, 2022.
             Slain by a kobold (2 damage)
             ... on level 1 of the Dungeon.
             The game lasted 00:00:17 (192 turns).

Prodoman the Magician (Demonspawn Hedge Wizard)      Turns: 192, Time: 00:00:19

Health: 0/13       AC:  2    Str: 10    XL:     1   Next: 16%
Magic:  0/4        EV: 12    Int: 15    God:
Gold:   0          SH:  0    Dex: 12    Spells: 5/6 levels left

rFire   . . .      SeeInvis .   a - +0 dagger
rCold   . . .      Faith    .   (no shield)
rNeg    . . .      Spirit   .   b - +0 robe
rPois   .          Reflect  .   c - +0 hat
rElec   .          Harm     .   (no cloak)
rCorr   .          Rampage  .   (no gloves)
Will    .....                   (no boots)
Stlth   ++........              (no amulet)
HPRegen 0.04/turn               (no ring)
MPRegen 0.09/turn               (no ring)

@: no status effects
A: no striking features
a: no special abilities


You were on level 1 of the Dungeon.
You visited 1 branch of the dungeon, and saw 1 of its levels.

Inventory:

Hand Weapons
 a - a +0 dagger (weapon)
Armour
 b - a +0 robe (worn)
 c - a +0 hat (worn)
Scrolls
 d - a scroll of enchant armour {unknown}


   Skills:
 + Level 1.8 Dodging
 + Level 1.8 Stealth
 + Level 3.0 Spellcasting
 + Level 1.0 Conjurations
 + Level 1.0 Summonings
 + Level 0.9 Translocations


You had 5 spell levels left.
You knew the following spells:

 Your Spells              Type           Power      Damage    Failure   Level
a - Magic Dart            Conj           20%        1d4       13%         1

Your spell library contained the following spells:

 Spells                   Type           Power      Damage    Failure   Level
 Slow                     Hex            8%         N/A       21%         1
 Call Imp                 Summ           5%         N/A       21%         2
 Blink                    Tloc           8%         N/A       22%         2
 Corpse Rot               Necr/Air       4%         N/A       30%         2
 Poisonous Vapours        Pois/Air       4%         N/A       30%         2
 Conjure Flame            Conj/Fire      3%         6-21      43%         3
 Mephitic Cloud           Conj/Pois/Air  3%         N/A       45%         3


Dungeon Overview and Level Annotations

Branches:
Dungeon (1/15)

Altars:


Message History

Press: ? - help, Dir - move target, f/p - hobgoblin
Aim: a hobgoblin (almost dead, about 38% to evade your +0 dagger)
You hit the hobgoblin.
You kill the hobgoblin!
The goblin misses you.
Hit: a) +0 dagger
Press: ? - help, Dir - move target, f - goblin
Aim: a goblin, wielding a +0 dagger (about 45% to evade your +0 dagger)
You completely miss the goblin. The goblin misses you.
Casting: Magic Dart (safe; 13% risk of failure)
Confirm with . or Enter, or press ? or * to list all spells.
Aiming: Magic Dart (safe; 13% risk of failure)
Press: ? - help, Shift-Dir - straight line, f/p - goblin
Aim: a goblin, wielding a +0 dagger (100% to hit)
The magic dart hits the goblin.
The goblin is moderately wounded.
The goblin hits you but does no damage.
Hit: a) +0 dagger
Press: ? - help, Dir - move target, f/p - goblin
Aim: a goblin, wielding a +0 dagger (moderately wounded, about 45% to evade your +0 dagger)
You closely miss the goblin.
The goblin is moderately wounded.
The goblin hits you with a +0 dagger.
* * * LOW HITPOINT WARNING * * *
Unknown command.
Hit: a) +0 dagger
Press: ? - help, Dir - move target, f/p - goblin
Aim: a goblin, wielding a +0 dagger (moderately wounded, about 45% to evade your +0 dagger)
You closely miss the goblin.
The goblin is moderately wounded.
A hobgoblin comes into view. It is quivering poisoned darts.
The kobold hits you but does no damage. The goblin hits you with a +0 dagger.
* * * LOW HITPOINT WARNING * * *
Hit: a) +0 dagger
Press: ? - help, Dir - move target, f/p - goblin
Aim: a goblin, wielding a +0 dagger (moderately wounded, about 45% to evade your +0 dagger)
You closely miss the goblin.
The goblin is moderately wounded.
The kobold hits you with a +0 dagger.
You die...

#### #..## .# #...#
...### ###.#.. ......###
#...##. .g......##
###...# ......g†.#+
###.## ......K@..#
##..... ..........##
##......
...........######...###.
..............#....## ##
...........#....#..## ##
..........###'###...###.
..........# ##.###......
.......[.## #..###.....
.......## ##..###..##


You could see a hobgoblin (wandering), a goblin and a kobold.

Vanquished Creatures
  A hobgoblin (D:1)
1 creature vanquished.

Notes
Turn   | Place    | Note
-------+----------+-------------------------------------------
     0 | D:1      | Prodoman the Demonspawn Hedge Wizard began the quest for
                  | the Orb.
     0 | D:1      | Reached XP level 1. HP: 13/13 MP: 4/4
   192 | D:1      | Slain by a kobold

Illustrated notes

Levels and vault maps discovered:
D:1:      dpeg_cavernosity, layout_basic, shapermc_ecumenical_altar_venn

Action                   || total
-------------------------++-------
Melee: Dagger            ||     9
 Cast: Magic Dart        ||     4
Armor: Robe              ||     2
Dodge: Dodged            ||     4
